AoeStats
← 竞技场场王

Black Forest

509344023Analyzed
4v4 RM · 7d ago on Sep 26, 2026· 39m 5s· 8 players
Game mode
Random Map
Map size
Large (8 player)
Population
200
Speed
Normal
Resources
Standard
Victory
Conquest
Starting age
Dark Age
Ending age
Imperial Age
RankedLock teamsTeams togetherTeam positionsShared explorationLock speedFull tech treeHidden civsTurbo modeCheats
Victory
Defeat
🇨🇳 Japanese · China
1264
+14
🇪🇸 Khmer · Spain
1220
+16
🇺🇿 Bulgarians · Uzbekistan
1216
+16
🇹🇷 Persians · Türkiye
1205
+17
🇨🇳 Saxons · China
1283
-17
🇨🇳 Saxons · China
1272
-18
🇨🇳 Wei · China
1240
-17
🇨🇳 Huns · China
1102
-11
Slingmachine
10:08 Feudal Age
12:50 Castle Age
11:31 Double-Bit Axe
15:20 Horse Collar
18:28 Bow Saw
19:16 Heavy Plow
21:43 Gold Mining
23:38 Wheelbarrow
24:52 Gold Shaft Mining
25:32 Loom
26:14 Hand Cart
29:03 Imperial Age
27:50 Husbandry
28:01 Bloodlines
28:11 Town Watch
29:11 Tusk Swords
29:17 Scale Barding Armor
29:23 Forging
30:16 Chain Barding Armor
29:21 Elite Battle Elephant
30:59 Iron Casting
30:50 Conscription
32:03 Plate Barding Armor
32:29 Blast Furnace
32:41 Crop Rotation
36:37 Caravan
37:10 Coinage
73624617386501790
0:25 Loom
11:11 Feudal Age
11:15 Man-at-Arms
14:37 Horse Collar
15:14 Double-Bit Axe
21:49 Castle Age
21:25 Fletching
30:15 Wheelbarrow
32:15 Heavy Plow
32:34 Bow Saw
33:14 Hand Cart
38:19 Imperial Age
emre_gul19
6:45 Loom
6:55 Loom
9:26 Feudal Age
10:37 Wheelbarrow
9:48 Double-Bit Axe
9:46 Horse Collar
14:01 Stone Mining
15:45 Stone Mining
18:09 Castle Age
18:44 Heavy Plow
18:56 Bow Saw
25:23 Hand Cart
27:10 Gold Mining
28:00 Scale Barding Armor
28:56 Gold Shaft Mining
28:16 Town Watch
31:31 Imperial Age
29:18 Forging
29:00 Fletching
29:23 Town Patrol
29:30 Padded Archer Armor
30:11 Husbandry
30:22 Bloodlines
30:23 Bodkin Arrow
31:18 Iron Casting
32:01 Ballistics
31:43 Kamandaran
31:53 Thumb Ring
31:10 Crossbowman
33:01 Two-Man Saw
32:32 Crop Rotation
32:28 Conscription
32:52 Chain Barding Armor
32:59 Leather Archer Armor
34:02 Chemistry
33:55 Stone Shaft Mining
34:31 Blast Furnace
33:12 Light Cavalry
38:12 Ring Archer Armor
38:17 Plate Barding Armor
karbid
1:49 Loom
10:31 Feudal Age
11:26 Arson
19:32 Castle Age
18:39 Double-Bit Axe
18:37 Horse Collar
20:03 Wheelbarrow
28:33 Bow Saw
28:57 Hand Cart
28:59 Heavy Plow
29:30 Town Watch
33:24 Imperial Age
30:58 Squires
31:09 Gambesons
31:21 Gold Mining
32:53 Gold Shaft Mining
32:51 Forging
32:42 Scale Mail Armor
34:06 Bagains
34:45 Iron Casting
34:25 Chain Mail Armor
36:18 Blast Furnace
37:06 Plate Mail Armor
37:39 Conscription
37:27 Caravan
不学不练
13:36 Feudal Age
14:53 Double-Bit Axe
17:54 Castle Age
17:11 Loom
19:15 Bow Saw
25:44 Wheelbarrow
26:08 Gold Mining
26:08 Stone Mining
31:06 Imperial Age
29:06 Horse Collar
30:04 Gold Shaft Mining
30:06 Hand Cart
29:37 Town Watch
30:16 Forging
30:12 Scale Barding Armor
31:51 Iron Casting
31:29 Heavy Plow
33:08 Ming Guang Armor
32:24 Heavy Hei Guang Cavalry
33:14 Bloodlines
33:05 Husbandry
34:37 Blast Furnace
33:58 Chain Barding Armor
35:05 Fortified Wall
35:06 Masonry
竞技场场王
1:17 Loom
11:37 Feudal Age
15:25 Castle Age
14:04 Double-Bit Axe
16:33 Bow Saw
21:17 Horse Collar
22:36 Wheelbarrow
23:51 Gold Mining
24:05 Heavy Plow
29:07 Imperial Age
27:00 Scale Mail Armor
27:11 Forging
27:52 Hand Cart
27:39 Stone Mining
28:24 Gold Shaft Mining
28:04 Fletching
28:11 Town Watch
27:49 Man-at-Arms
28:15 Gambesons
30:03 Chain Mail Armor
29:10 Long Swordsman
29:51 Squires
29:30 Capped Ram
30:08 Two-Handed Swordsman
31:26 Iron Casting
31:14 Champion
33:15 Conscription
33:57 Plate Mail Armor
33:23 Bodkin Arrow
33:50 Ballistics
33:49 Elite Varangian Guard
35:08 Sanctity
35:05 Block Printing
34:23 Shield Wall
35:38 Bracer
35:49 Siege Ram
37:41 Clerical Recruitment
不太爽
0:40 Loom
11:47 Feudal Age
16:45 Castle Age
21:58 Double-Bit Axe
noob but hard practice
4:20 Loom
13:21 Feudal Age
14:33 Double-Bit Axe
17:25 Castle Age
16:57 Stone Mining
17:00 Horse Collar
23:30 Gold Mining
25:05 Wheelbarrow
26:54 Hand Cart
27:17 Bow Saw
27:55 Heavy Plow
32:15 Imperial Age
29:48 Husbandry
30:20 Scale Barding Armor
30:32 Bloodlines
31:01 Gold Shaft Mining
30:38 Forging
31:54 Chain Barding Armor
32:27 Iron Casting
33:31 Plate Barding Armor
32:21 Cavalier
33:30 Conscription
34:40 Squires
34:00 Pikeman
34:24 Paladin
35:03 Halberdier
Connection lost

Rejoining the realm…

Still unreachable

The connection could not be restored.

Session expired

The server has moved on; the page needs a fresh start.